 Dungeon Crawl Stone Soup version 0.19-a0-1697-g0595f0e (webtiles) character file.

6032 gnollhide the Grappler (level 10, -13/138 HPs)
             Began as a Troll Berserker on Sept 27, 2016.
             Was a High Priest of Trog.
             Mangled by an orc warrior
             ... wielding a +0 trident
             ... led by an orc knight
              (16 damage)
             ... on level 1 of the Orcish Mines.
             The game lasted 00:38:15 (5549 turns).

gnollhide the Grappler (Troll Berserker)            Turns: 5549, Time: 00:38:15

Health: -13/138    AC: 11    Str: 35    XL:     10   Next: 56%
Magic:  9/9        EV: 12    Int:  3    God:    Trog [*****.]
Gold:   342        SH:  0    Dex: 12    Spells: 0 memorised, 9 levels left

rFire  . . .     SeeInvis .       - Unarmed
rCold  . . .     Gourm    +     a - +2 animal skin
rNeg   . . .     Faith    .     (no shield)
rPois  +         Spirit   .     (helmet restricted)
rElec  .         Dismiss  .     y - +2 cloak
rCorr  .         Reflect  .     (gloves unavailable)
MR     .....     Harm     .     (boots unavailable)
Stlth  ..........               (no amulet)
                                B - +3 ring of dexterity
                                d - ring of poison resistance

@: berserking, very quick
A: unfitting armour, claws 3, fast metabolism 3, gourmand, regeneration 1,
shaggy fur 1, tough skin 2
a: Berserk, Trog's Hand, Brothers in Arms, Burn Spellbooks, Renounce Religion


You were on level 1 of the Orcish Mines.
You worshipped Trog.
Trog was extremely pleased with you.
You were completely stuffed.

You visited 3 branches of the dungeon, and saw 11 of its levels.

You collected 411 gold pieces.
You spent 69 gold pieces at shops.

Inventory:

Missiles
 c - 253 stones (quivered)
Armour
 a - a +2 animal skin (worn)
 y - a +2 cloak (worn)
 C - a +0 cloak
Jewellery
 d - a ring of poison resistance (left claw)
 B - a +3 ring of dexterity (right claw)
 G - an uncursed ring of magical power
Wands
 t - a wand of flame (48/48)
 H - a wand of random effects (28/48)
Scrolls
 f - 3 scrolls of recharging
 g - 5 scrolls of remove curse
 n - 4 scrolls of teleportation
 p - a scroll of identify
 r - 2 scrolls of blinking
 s - 2 scrolls of amnesia
 A - a scroll of enchant weapon
 F - a scroll of brand weapon {unknown}
Potions
 e - a potion of cure mutation
 h - 6 potions of curing
 j - 4 potions of might
 k - 2 potions of lignification {unknown}
 l - 4 potions of flight
 m - a potion of brilliance {unknown}
 o - a potion of berserk rage {unknown}
 q - a potion of invisibility {unknown}
 u - a potion of degeneration {unknown}
 v - a potion of heal wounds {unknown}
 w - a potion of agility {unknown}
 z - 2 potions of haste {unknown}
 I - a potion of cancellation {unknown}
Miscellaneous
 D - a lamp of fire
Comestibles
 b - 5 bread rations
 i - 5 meat rations
 x - 8 chunks of flesh
 E - 24 fruits


   Skills:
 + Level 4.0 Fighting
 + Level 1.2 Throwing
 + Level 6.1 Dodging
 + Level 2.4 Stealth
 + Level 13.2 Unarmed Combat


You had 9 spell levels left.
You didn't know any spells.

Dungeon Overview and Level Annotations

Branches:
Dungeon (9/15)             Temple (1/1) D:5             Orc (1/2) D:9
   Lair: D:8-11

Altars:
Ashenzari
Cheibriados
Fedhas
Gozag
Hepliaklqana
Kikubaaqudgha
Nemelex Xobeh
Qazlal
Sif Muna
Vehumet
Yredelemnul
The Shining One

Shops:
D:4 *[


Innate Abilities, Weirdness & Mutations

You are too large for most types of armour.
You have claws for hands.
Your metabolism is lightning-fast.
You like to eat raw meat.
Your natural rate of healing is unusually fast.
You are covered in fur. (AC +1)
You have very tough skin. (AC +2)


Message History

You mangle the ogre!!
You kill the ogre!
Trog accepts your kill.
The orc warrior hits you from afar with a trident!
* * * LOW HITPOINT WARNING * * *
The orc hits you but does no damage.
You closely miss the orc. Your claw misses the orc.
The orc knight completely misses you.
You mangle the orc!!
You kill the orc!
Trog accepts your kill. The orc warrior completely misses you.
You claw the orc knight!
The orc knight is moderately wounded.
You claw the orc knight!
The orc knight is heavily wounded.
The orc knight hits you with a great mace!
* * * LOW HITPOINT WARNING * * *
The orc warrior hits you from afar with a trident!
You die...

...... .... #..... ...#.#..
.#.....#.........
......#.#........
.#.#.....#.$......
#.....o..#..$.....
......oo.............#
..#..)@.............#.#
......)..$..............
#...#..................#
##.#....................
###......#........#.....
###.##....................
##....#.......>....(.##....
#.....#...........[)#.#....
##...........#...#)><......


You could see an orc knight, an orc warrior and an orc.

Vanquished Creatures
  A stone giant (Orc:1)
  The ghost of rogsnak the Covert, a novice MfEn of Sif Muna (D:8)
  An unseen horror (D:8)
  A yak (D:9)
  2 wargs (Orc:1)
  3 orc warriors
  3 ice beasts
  A sky beast (D:8)
  A necrophage (D:9)
  A black bear (D:6)
  A phantom (D:6)
  2 centaurs
  3 ogres
  5 bullfrogs
  3 scorpions
  5 killer bees (D:8)
  7 wights
  2 howler monkeys
  3 crimson imps
  2 bullfrog zombies (D:5)
  A centaur zombie (D:6)
  4 hounds
  2 bullfrog skeletons
  4 orc priests
  2 jellies
  6 orc wizards
  Crazy Yiuf (D:6)
  An iguana (D:8)
  5 worker ants
  A worker ant zombie (D:9)
  4 adders
  4 gnolls
  2 oozes
  An adder zombie (D:8)
  3 adder skeletons
  3 worms
  2 dart slugs
  A leopard gecko (D:4)
  31 orcs
  2 giant cockroaches
  3 goblins
  8 hobgoblins
  21 jackals
  6 kobolds
  6 quokkas
  2 ball pythons
  A bat (D:1)
  4 frilled lizards
  4 rats
  A plant (D:9)
  2 withered plants (D:9)
186 creatures vanquished.

Notes
Turn   | Place    | Note
-------+----------+-------------------------------------------
     0 | D:1      | gnollhide the Troll Berserker began the quest for the Orb.
     0 | D:1      | Reached XP level 1. HP: 22/22 MP: 0/0
   224 | D:1      | Reached XP level 2. HP: 29/29 MP: 1/1
   490 | D:1      | Reached XP level 3. HP: 13/36 MP: 2/2
   903 | D:2      | Found a faded altar of an unknown god.
   918 | D:2      | Reached ** piety under Trog
  1001 | D:2      | Reached XP level 4. HP: 44/44 MP: 3/3
  1123 | D:3      | Reached skill level 4 in Unarmed Combat
  1291 | D:4      | Found Avoxey's Assorted Antiques.
  1294 | D:4      | Bought a scroll labeled LIASHE GINOA for 24 gold pieces
  1294 | D:4      | Bought a green potion for 21 gold pieces
  1294 | D:4      | Bought a scroll labeled FOULIE ZICEI for 24 gold pieces
  1432 | D:4      | Found a hazy altar of Hepliaklqana.
  1465 | D:4      | Found Onenkomi's Armour Shoppe.
  1662 | D:4      | Reached XP level 5. HP: 50/50 MP: 4/4
  1719 | D:4      | Reached skill level 5 in Unarmed Combat
  1804 | D:5      | Entered Level 5 of the Dungeon
  1815 | D:5      | Noticed an ice beast
  1817 | D:5      | Reached XP level 6. HP: 54/59 MP: 5/5
  1822 | D:5      | Killed an ice beast
  1940 | D:5      | Found a staircase to the Ecumenical Temple.
  1949 | Temple   | Entered the Ecumenical Temple
  1968 | D:5      | Reached skill level 6 in Unarmed Combat
  2029 | D:5      | Reached *** piety under Trog
  2459 | D:6      | Reached XP level 7. HP: 54/67 MP: 6/6
  2511 | D:6      | Reached skill level 7 in Unarmed Combat
  2644 | D:6      | Found a runed door.
  2648 | D:6      | Noticed Crazy Yiuf
  2653 | D:6      | Killed Crazy Yiuf
  2775 | D:6      | Reached skill level 1 in Stealth
  2775 | D:6      | Reached XP level 8. HP: 73/75 MP: 7/7
  2806 | D:6      | Reached skill level 8 in Unarmed Combat
  3111 | D:6      | Found a glowing golden altar of the Shining One.
  3331 | D:7      | Found a deep blue altar of Sif Muna.
  3377 | D:7      | Reached **** piety under Trog
  3520 | D:7      | Reached skill level 9 in Unarmed Combat
  3909 | D:7      | You fall through a shaft!
  3911 | D:8      | Noticed rogsnak's ghost (novice MfEn)
  3924 | D:8      | Killed rogsnak's ghost
  3924 | D:8      | Reached skill level 5 in Dodging
  3924 | D:8      | Reached skill level 10 in Unarmed Combat
  3924 | D:8      | Reached XP level 9. HP: 83/83 MP: 8/8
  4100 | D:8      | Found a snail-covered altar of Cheibriados.
  4106 | D:8      | Reached skill level 1 in Throwing
  4420 | D:8      | Reached skill level 11 in Unarmed Combat
  4433 | D:8      | Killed an unseen horror
  4818 | D:8      | Reached skill level 12 in Unarmed Combat
  4825 | D:8      | Reached ***** piety under Trog
  5004 | D:9      | Reached XP level 10. HP: 86/91 MP: 9/9
  5315 | D:9      | Found a staircase to the Orcish Mines.
  5319 | Orc:1    | Entered Level 1 of the Orcish Mines
  5322 | Orc:1    | Noticed a stone giant
  5335 | Orc:1    | Killed a stone giant
  5335 | Orc:1    | Reached skill level 13 in Unarmed Combat
  5531 | Orc:1    | Noticed an orc knight
  5549 | Orc:1    | HP: 3/138 [orc knight/great mace (16)]
  5549 | Orc:1    | Mangled by an orc warrior

Vault maps used:
D:1:      minmay_arrival_widening_spiral_wide
D:2:      bloody_trog, ecumenical_altar_1, minmay_randomly_rotated_circles
D:3:      minmay_wonky_spiral, gammafunk_temple_overflow_elements,
          grunt_ministairs_13, uniq_robin
D:4:      nicolae_overflow_crystal_walls, serial_shops, kennysheep_mini_moat,
          nicolae_shop_stone, shop, first_bread
D:6:      nicolae_tso_swordbearing_angel, uniq_crazy_yiuf_cottage
D:7:      led_sif_pool, kennysheep_generic_room_16
D:8:      slow_altar_1
D:9:      orc_0_dummy, serial_undead, serial_undead_e, serial_undead_d,
          serial_undead_b, serial_undead_b, blue_anna_alchemist,
          kennysheep_generic_room_7
Temple:   eino_narrow_crystal_temple

Skill      XL: |  1  2  3  4  5  6  7  8  9 10 |
---------------+-------------------------------+-----
Dodging        | 3 4 5 6 |  6.1
Unarmed Combat | 4 5 6 7 10 12 13 | 13.2
Fighting       | 3 4 |  4.0
Stealth        | 1 2 |  2.4
Throwing       | 1 |  1.2

Action                   |  1- 3 |  4- 6 |  7- 9 | 10-12 || total
-------------------------+-------+-------+-------+-------++-------
Melee: Unarmed           |    72 |   135 |   216 |    92 ||   515
       Punch             |       |     3 |    13 |     9 ||    25
Throw: Stone             |     7 |       |     4 |       ||    11
Invok: Berserk           |     2 |     1 |     5 |     2 ||    10
       Burn Spellbooks   |       |     1 |       |       ||     1
  Use: Scroll            |       |    12 |     4 |     3 ||    19
 Stab: Sleeping          |       |       |     2 |     1 ||     3
  Eat: Chunk             |    16 |    14 |    28 |     6 ||    64
       Royal jelly       |       |       |     1 |       ||     1
Armor: Animal skin       |    16 |    34 |    75 |    14 ||   139
Dodge: Dodged            |    34 |    60 |    89 |    41 ||   224
